 Dungeon Crawl Stone Soup version 0.30.1-11-g7821555f0a (webtiles) character file.

Game seed: 13645236671260224530

156 lonewolfV2 the Ducker (level 5, 0/30 HPs)
             Began as a Meteoran Fighter on Nov 3, 2023.
             Slain by a scorpion (6 damage)
             ... on level 4 of the Dungeon.
             The game lasted 00:04:06 (2411 turns).

lonewolfV2 the Ducker (Meteoran Fighter)            Turns: 2411, Time: 00:04:07

Health: 0/30       AC: 11    Str: 20    XL:     5   Next: 98%
Magic:  6/6        EV: 12    Int:  9    God:
Gold:   200        SH:  6    Dex: 13    Spells: 4/4 levels left

rFire   . . .        a - +0 war axe
rCold   . . .        c - +1 buckler
rNeg    . . .        s - +0 plate armour
rPois   .            (no helmet)
rElec   .            (no cloak)
rCorr   .            (no gloves)
SInv    .            (no boots)
Will    .....        (no amulet) Stlth
                     k - ring of flight
HPRegen 0.25/turn    n - +5 ring of evasion
MPRegen 0.10/turn

%: no passive effects
@: lethally poisoned (0 -> -13), flying, glowing
A: sense surroundings 1, otherworldly, glowing, explore regen
a: no special abilities


You were on level 4 of the Dungeon.
You visited 1 branch of the dungeon, and saw 4 of its levels.

You collected 200 gold pieces.

Inventory:

Hand Weapons
 a - a +0 war axe (weapon)
Armour
 b - a +0 scale mail
 c - a +1 buckler (worn)
 s - a +0 plate armour (worn)
Jewellery
 i - a ring of willpower
 k - a ring of flight (left hand)
 n - a +5 ring of evasion (right hand)
Scrolls
 g - a scroll of teleportation
 j - a scroll of enchant armour
 p - a scroll of identify
 r - 2 scrolls of fog {unknown}
 t - a scroll of magic mapping {unknown}
 w - a scroll of blinking {unknown}
Potions
 d - a potion of might
 e - a potion of ambrosia
 f - a potion of resistance
 h - a potion of degeneration {unknown}
 l - a potion of curing
 m - a potion of berserk rage
 o - a potion of flight {unknown}
 q - 2 potions of mutation {unknown}
 u - a potion of attraction {unknown}
 v - a potion of lignification {unknown}
 x - a potion of haste {unknown}


   Skills:
 + Level 4.5 Fighting
 - Level 2.4 Axes
 - Level 3.6 Armour
 * Level 4.8 Dodging
 - Level 3.6 Shields


You had 4 spell levels left.
You didn't know any spells.
Your spell library contained the following spells:

 Spells                   Type           Power      Damage    Failure   Level
 Apportation              Tloc           0%         N/A       100%        1
 Necrotise                Necr           0%         1d4       100%        1
 Summon Small Mammal      Summ           0%         N/A       100%        1
 Vhi's Electric Charge    Tloc/Air       0%         N/A       100%        3
 Arcjolt                  Conj/Air       0%         1d10      100%        5
 Plasma Beam              Fire/Air       0%         2x1d11    100%        6


Dungeon Overview and Level Annotations

Branches:
Dungeon (4/15) Zot: 334
 Temple: D:4-7

Altars:
Wu Jian

Shops:
D:2 (


Innate Abilities, Weirdness & Mutations

You passively map a small area around you.
You are easily found by Zot.
You glow in the dark.
You regain HP and MP as you explore.


Message History

You closely miss the gnoll. The gnoll hits you with a +0 whip.
You barely miss the gnoll. The gnoll hits you with a +0 whip.
The gnoll hits you with a +0 flail. The gnoll hits you but does no damage.
You slash the gnoll!
The gnoll is severely wounded.
You hit the gnoll. The gnoll hits you but does no damage.
The gnoll hits you with a +0 whip.
You closely miss the gnoll.
The gnoll is severely wounded.
You hit the gnoll. The gnoll hits you with a +0 flail.
The gnoll closely misses you. The gnoll hits you with a +0 flail.
You block the gnoll's attack.
You slash the gnoll!
You kill the gnoll!
You slash the gnoll!
You kill the gnoll!
Things that are here:
a +0 whip; a +0 robe; the felid corpse of Natasha
q - 2 lumpy golden potions (gained 1)
A scorpion comes into view.
A scorpion is nearby!
Found a viscous inky potion.
You block the scorpion's attack.
You barely miss the scorpion. The scorpion closely misses you.
The scorpion stings you.
You are poisoned.
The scorpion poisons you!
You hit the scorpion but do no damage.
You feel very sick.
The scorpion stings you but does no damage.
You barely miss the scorpion.
You feel very sick.
The scorpion stings you but does no damage.
The scorpion stings you.
You are lethally poisoned!
The scorpion poisons you!
You closely miss the scorpion.
* * * LOW HITPOINT WARNING * * *
You feel very sick. You block the scorpion's attack. The scorpion stings you.
You die...

, , .. * ... , ,
..#### ,... ..#.. ,,
... , ...,,
...#####.### , ,
,...#. ,#.##.#....##
, ..... ##...........
,,
.....###....s......!
, ,
,.......#....@.?.....
.........####.......
.........# .......
........#####.##....
, ..........#.....
... .....###.......#*
.. , ..... #.......#
. , .#...###.......##
* , ,
##..#.))..###... , ,


You could see a scorpion.

Vanquished Creatures
  An iguana (D:4)
  Natasha (D:4)
  2 gnolls (D:4)
  2 adders (D:2)
  2 worms
  2 dart slugs
  6 orcs
  4 ball pythons
  7 bats
  4 endoplasms
  6 giant cockroaches
  2 goblins
  A hobgoblin (D:1)
  5 kobolds
  2 quokkas
  3 frilled lizards
  5 rats
55 creatures vanquished.

Notes
Turn   | Place    | Note
-------+----------+-------------------------------------------
     0 | D:1      | lonewolfV2 the Meteoran Fighter began the quest for the
                  | Orb.
     0 | D:1      | Reached XP level 1. HP: 19/19 MP: 2/2
    66 | D:1      | Reached skill level 1 in Dodging
    74 | D:1      | Reached XP level 2. HP: 8/26 MP: 3/3
   312 | D:1      | Reached XP level 3. HP: 31/31 MP: 4/4
   485 | D:1      | Glimpsed the power of Zot.
   534 | D:1      | Glimpsed the power of Zot.
   574 | D:1      | Glimpsed the power of Zot.
   584 | D:1      | Touched by the power of Zot.
   685 | D:1      | Glimpsed the power of Zot.
   735 | D:1      | Glimpsed the power of Zot.
   774 | D:1      | Glimpsed the power of Zot.
   784 | D:1      | Touched by the power of Zot.
   872 | D:2      | Found an ornate altar of the Wu Jian Council.
   903 | D:2      | Found Detidag's Antique Weapon Shop.
  1031 | D:2      | Reached XP level 4. HP: 23/24 MP: 5/5
  1942 | D:3      | Reached XP level 5. HP: 22/29 MP: 6/6
  2054 | D:3      | Glimpsed the power of Zot.
  2321 | D:4      | Identified the +2 leather armour of Awnausk {*Slow rF+
                  | Str+4 Stlth+}
  2380 | D:4      | Noticed Natasha
  2384 | D:4      | Killed Natasha
  2411 | D:4      | Slain by a scorpion

Illustrated notes

Levels and vault maps discovered:
D:1:      lightli_arrival_windingriver, layout_loops_ring
D:2:      layout_rooms, basic_altar, serial_shops, nicolae_shop_crystal
D:3:      layout_rooms, serial_forest, infiniplex_forest_straight_5,
          infiniplex_forest_3_way, infiniplex_forest_clump_small,
          infiniplex_forest_3_way, infiniplex_forest_end_double,
          chequers_serial_rivers_small_b, minmay_misc_feat_pillars,
          minmay_misc_feat_diagonals, kennysheep_path_1
D:4:      layout_cave_pools, uniq_natasha

Skill      XL: |  1  2  3  4  5 |
---------------+----------------+-----
Dodging        | 1 2 3 4 |  4.8
Fighting       | 4 |  4.5
Axes           | |  2.4
Armour         | |  3.6
Shields        | |  3.6

Action                     |  1- 3 |  4- 6 || total
---------------------------+-------+-------++-------
  Melee: War axe           |    58 |    75 ||   133
    Use: Scroll            |     7 |     3 ||    10
 Armour: Scale mail        |    31 |    17 ||    48
         Plate armour      |       |    11 ||    11
  Dodge: Dodged            |    34 |    36 ||    70
  Block: Buckler           |    17 |    23 ||    40
